 Dungeon Crawl Stone Soup version 0.24.0-123-gd5b16e6ec5 (webtiles) character file.

Game seed: 7559282466346734954, levelgen mode: deterministic

10621 Bluestream the Fighter (level 11, 0/105 HPs)
             Began as a Minotaur Berserker on Feb 2, 2020.
             Was a High Priest of Trog.
             Slain by a skeletal warrior
             ... wielding a +0 glaive
             ... led by a skeletal warrior
              (15 damage)
             ... on level 11 of the Dungeon.
             The game lasted 00:26:10 (10545 turns).

Bluestream the Fighter (Minotaur Berserker)        Turns: 10545, Time: 00:26:10

Health: 0/105      AC: 16    Str: 29    XL:     11   Next: 38%
Magic:  10/10      EV: 11    Int:  4    God:    Trog [*****.]
Gold:   629        SH:  0    Dex: 11    Spells: 10/10 levels left

rFire    + . .     SeeInvis .   R - +1 battleaxe (chop)
rCold    . . .     Gourm    .   (shield currently unavailable)
rNeg     . . .     Faith    .   A - +0 plate armour
rPois    .         Spirit   .   (helmet restricted)
rElec    .         Reflect  .   D - +0 cloak
rCorr    .         Harm     .   N - +0 pair of gloves
MR       .....                  (no boots)
Stlth    ..........             (no amulet)
HPRegen  0.27/turn              p - ring of protection from fire
MPRegen  0.12/turn              F - +5 ring of strength

@: berserk cooldown, slowed, very slow
A: retaliatory headbutt, horns 2
a: Berserk, Trog's Hand, Brothers in Arms, Renounce Religion


You were on level 11 of the Dungeon.
You worshipped Trog.
Trog was extremely pleased with you.
You were hungry.

You visited 2 branches of the dungeon, and saw 12 of its levels.

You collected 629 gold pieces.

Inventory:

Hand Weapons
 Q - a +0 war axe
 R - a +1 battleaxe of chopping (weapon)
Armour
 r - a +1 buckler of cold resistance
 z - a +1 chain mail
 A - a +0 plate armour (worn)
 C - a scarf of resistance
 D - a +0 cloak (worn)
 N - a +0 pair of gloves (worn)
Jewellery
 p - a ring of protection from fire (left hand)
 F - a +5 ring of strength (right hand)
 M - an uncursed ring of wizardry
Wands
 a - a wand of flame (15)
 o - a wand of acid (16)
 u - a wand of paralysis (5)
 y - a wand of enslavement (4)
 H - a wand of scattershot (6)
 I - a wand of iceblast (19)
Scrolls
 b - 4 scrolls of teleportation
 d - 5 scrolls of remove curse
 h - a scroll of random uselessness
 k - 3 scrolls of enchant armour
 l - a scroll of fog
 n - a scroll of magic mapping
 t - a scroll of fear {unknown}
 w - 3 scrolls of amnesia
 B - a scroll of immolation
 G - a scroll of silence {unknown}
 L - a scroll of enchant weapon {unknown}
 P - a scroll of summoning {unknown}
 S - 4 scrolls of identify
Potions
 e - 2 potions of magic {unknown}
 f - 5 potions of agility
 g - a potion of berserk rage
 i - a potion of ambrosia {unknown}
 j - 5 potions of invisibility
 m - 5 potions of heal wounds
 q - 2 potions of curing {unknown}
 s - 2 potions of lignification {unknown}
 v - a potion of flight {unknown}
 x - 5 potions of brilliance
 E - a potion of degeneration {unknown}
 J - a potion of mutation {unknown}
 K - a potion of might {unknown}
 O - a potion of resistance {unknown}
Comestibles
 c - 14 rations
 T - 2 chunks of flesh


   Skills:
 * Level 12.7 Fighting
 * Level 12.6 Axes
 + Level 9.1 Armour
 + Level 8.3 Dodging


You had 10 spell levels left.
You didn't know any spells.
Your spell library was empty.

Dungeon Overview and Level Annotations

Branches:
Dungeon (11/15)            Temple (1/1) D:5            Lair (0/6) D:11
    Orc (0/2) D:11

Altars:
Ashenzari
Cheibriados
Gozag
Hepliaklqana
Kikubaaqudgha
Makhleb
Vehumet
Zin

Shops:
D:4 ?   D:6 ?


Innate Abilities, Weirdness & Mutations

You reflexively headbutt those who attack you in melee.
You have a pair of horns on your head.


Message History

You feel a strong urge to attack something.
The skeletal warrior hits you with a +0 glaive!!
The skeletal warrior hits you from afar with a +0 trident!
* * * LOW HITPOINT WARNING * * *
You see here a +2 flail.
You slash the skeletal warrior!
Your headbutt misses the skeletal warrior.
The skeletal warrior is moderately damaged.
You hit the skeletal warrior.
Your headbutt misses the skeletal warrior.
The skeletal warrior is moderately damaged.
The skeletal warrior barely misses you. x2
You feel a strong urge to attack something.
You are no longer berserk.
You are exhausted.
You feel yourself slow down.
The skeletal warrior hits you from afar with a +0 glaive!
* * * LOW HITPOINT WARNING * * *
The skeletal warrior hits you from afar with a +0 glaive!
You die...

.....#####.#.......# .#
#..>.......###### .#
####.#####.....(# ##.######.#
#.####.# #.........# #.# #.#
##########.#######.# #.####.#
#......))z.#######.#####.......
#.########...............####.#
#.# #...zz.@..<..#.#### #...
#.# #.#.#######..#.# .....
#.######.#.### #..#.# ###...
#............# #....# ##.#
###..#####.#.#.# #..... ..#
.......# #.#.#.## ##.### ###
###..########...# #.#
####≈≈≈≈≈≈##..# #.#
##≈≈≈....≈≈##.#####.#


You could see 3 skeletal warriors.

Vanquished Creatures
  2 two-headed ogres
  2 skeletal warriors (D:11)
  The ghost of Xerdoz the Chopper, a novice GrFi (D:6)
  A deep elf mage (D:6)
  Pikel (D:4)
  A komodo dragon (D:10)
  2 trolls (D:9)
  A hippogriff (D:9)
  A spriggan (D:8)
  3 wyverns
  5 yaks (D:11)
  Eustachio (D:4)
  A basilisk (D:11)
  A hungry ghost (D:7)
  A steam dragon (D:11)
  Menkaure (D:4)
  2 water moccasins
  Duvessa (D:5)
  A sky beast (D:7)
  2 porcupines (D:11)
  A slave (D:4)
  An ice beast (D:6)
  3 orc warriors
  A phantom (D:11)
  5 ogres
  A necrophage (D:9)
  4 centaurs
  2 crocodiles (D:11)
  2 bullfrogs
  2 gnoll sergeants
  Dowan (D:5)
  A wyvern skeleton (D:10)
  5 scorpions
  A howler monkey (D:6)
  2 crimson imps (D:5)
  A quasit (D:10)
  6 hounds
  2 bullfrog zombies
  2 jellies
  6 orc priests
  7 orc wizards
  A bullfrog skeleton (D:8)
  2 iguanas
  5 worker ants
  4 killer bee zombies
  A howler monkey zombie (D:5)
  13 gnolls
  15 adders
  2 shadow imps (D:5)
  3 adder skeletons
  3 worms
  3 dart slugs
  3 leopard geckos
  38 orcs
  3 ball pythons
  7 bats
  4 giant cockroaches
  8 goblins
  10 hobgoblins
  18 jackals
  2 quokkas
  8 frilled lizards
  2 kobolds (D:2)
  A quokka zombie (D:6)
  7 rats
250 creatures vanquished.

Vanquished Creatures (others)
  An orc wizard (D:10)
1 creature vanquished.

Grand Total: 251 creatures vanquished

Notes
Turn   | Place    | Note
-------+----------+-------------------------------------------
     0 | D:1      | Bluestream the Minotaur Berserker began the quest for the
                  | Orb.
     0 | D:1      | Reached XP level 1. HP: 19/19 MP: 0/0
   122 | D:1      | Reached XP level 2. HP: 22/27 MP: 1/1
   585 | D:1      | Reached ** piety under Trog
   599 | D:1      | Reached XP level 3. HP: 34/34 MP: 2/2
  1025 | D:2      | Reached XP level 4. HP: 26/41 MP: 3/3
  1338 | D:2      | Found a burning altar of Makhleb.
  1339 | D:2      | Noticed a cacodemon
  1805 | D:3      | Reached *** piety under Trog
  1886 | D:3      | Found a hazy altar of Hepliaklqana.
  1886 | D:3      | Found an ancient bone altar of Kikubaaqudgha.
  2100 | D:3      | Found a snail-covered altar of Cheibriados.
  2100 | D:3      | Found a shattered altar of Ashenzari.
  2101 | D:3      | Found a glowing silver altar of Zin.
  2156 | D:4      | Noticed Menkaure
  2167 | D:4      | Killed Menkaure
  2167 | D:4      | Reached skill level 5 in Fighting
  2167 | D:4      | Reached skill level 5 in Axes
  2167 | D:4      | Reached XP level 5. HP: 48/48 MP: 4/4
  2286 | D:4      | You fall into a shaft and drop 3 floors!
  2306 | D:7      | Reached XP level 6. HP: 53/57 MP: 5/5
  2485 | D:6      | Found a glowing silver altar of Zin.
  2486 | D:6      | Noticed an ice beast
  2499 | D:6      | Killed an ice beast
  2527 | D:6      | Reached XP level 7. HP: 55/64 MP: 6/6
  2544 | D:6      | HP: 1/64 [killer bee zombie (6)]
  3211 | D:6      | Noticed a two-headed ogre
  3223 | D:6      | Killed a two-headed ogre
  3223 | D:6      | Reached skill level 5 in Armour
  3223 | D:6      | Reached skill level 5 in Dodging
  3223 | D:6      | Reached XP level 8. HP: 18/74 MP: 7/7
  3475 | D:5      | Entered Level 5 of the Dungeon
  3475 | D:5      | Noticed Duvessa
  3475 | D:5      | Noticed Dowan
  3522 | D:6      | Found a runed translucent gate.
  3522 | D:6      | Found a runed translucent gate.
  3523 | D:6      | Found a runed translucent gate.
  3523 | D:6      | Noticed Xerdoz's ghost (novice GrFi)
  3536 | D:5      | Killed Duvessa
  3591 | D:5      | Killed Dowan
  3622 | D:5      | Found an opulent altar of Gozag.
  3741 | D:4      | Noticed Eustachio
  3754 | D:4      | Killed Eustachio
  3754 | D:4      | Reached **** piety under Trog
  3954 | D:4      | Noticed Pikel
  3963 | D:4      | Killed Pikel
  3963 | D:4      | Reached XP level 9. HP: 73/83 MP: 8/8
  4253 | D:4      | Found Uddac's Magic Scroll Emporium.
  4804 | D:5      | Found a staircase to the Ecumenical Temple.
  5340 | D:5      | Received a gift from Trog
  5828 | Temple   | Entered the Ecumenical Temple
  5964 | D:6      | Noticed a deep elf mage
  5976 | D:6      | Killed a deep elf mage
  5976 | D:6      | Reached skill level 10 in Fighting
  5976 | D:6      | Reached skill level 10 in Axes
  6191 | D:6      | Killed Xerdoz's ghost
  6207 | D:6      | Found Ucumoles's Magic Scroll Shop.
  6482 | D:7      | Reached XP level 10. HP: 93/94 MP: 9/9
  7496 | D:8      | Noticed a two-headed ogre
  7503 | D:8      | Killed a two-headed ogre
  8475 | D:9      | Reached ***** piety under Trog
  8750 | D:10     | Entered Level 10 of the Dungeon
  9568 | D:10     | Reached XP level 11. HP: 104/104 MP: 10/10
  9573 | D:10     | Received a gift from Trog
  9622 | D:10     | Found a radiant altar of Vehumet.
  9826 | D:11     | Found a staircase to the Lair.
 10174 | D:11     | Found a staircase to the Orcish Mines.
 10521 | D:11     | Noticed a skeletal warrior
 10521 | D:11     | Noticed a skeletal warrior
 10521 | D:11     | Noticed a skeletal warrior
 10521 | D:11     | Noticed a skeletal warrior
 10521 | D:11     | Noticed a skeletal warrior
 10527 | D:11     | Killed a skeletal warrior
 10535 | D:11     | Killed a skeletal warrior
 10545 | D:11     | Slain by a skeletal warrior

Levels and vault maps discovered:
D:1:      elethiomel_arrival_maze, layout_loops_cross
D:2:      layout_loops_ring, makhleb_altar_promises_db
D:3:      layout_loops_cross, gammafunk_temple_overflow_claw,
          gammafunk_temple_overflow_wave, hangedman_decor_lopped
D:4:      layout_basic, serial_shops, shop_scrolls, first_ration,
          minmay_strange_pillars, uniq_menkaure, uniq_pikel, uniq_eustachio
D:5:      layout_basic, nicolae_overflow_crystal_walls,
          minmay_temple_entry_ruins, roderic_serpentine_path, st_stairs_2,
          uniq_duvessa
D:6:      layout_rooms, serial_shops, shop_fountains, ebering_ghost_rock_garden,
          basic_altar, hangedman_decor_riveting, guppyfry_early_elven_hall
D:7:      layout_loops_cross, nicolae_overflow_hidden_temple
D:8:      layout_loops_ring, the_bakery
D:9:      layout_roguey
D:10:     layout_loops_ring, basic_altar, grunt_decor_fettered
D:11:     layout_loops_ring, minmay_lair_entry_grove, orc_0_dummy,
          kennysheep_potato
Temple:   minmay_temple_curvy_branch

Skill      XL: |  1  2  3  4  5  6  7  8  9 10 11 |
---------------+----------------------------------+-----
Fighting       | 4 5 6 8 9 10 12 | 12.7
Axes           | 4 5 6 8 9 10 12 | 12.6
Armour         | 3 4 5 6 7 8 9 |  9.1
Dodging        | 3 5 6 7 8 |  8.3

Action                   |  1- 3 |  4- 6 |  7- 9 | 10-12 || total
-------------------------+-------+-------+-------+-------++-------
Melee: Hand axe          |   100 |    58 |   254 |   270 ||   682
       Headbutt          |    15 |    12 |    50 |    95 ||   172
       War axe           |       |       |       |    13 ||    13
       Battleaxe         |       |       |       |    68 ||    68
Invok: Berserk           |       |     2 |     6 |     4 ||    12
  Use: Scroll            |       |       |     8 |     5 ||    13
  Eat: Chunk             |       |     4 |     9 |    18 ||    31
       Ration            |       |     1 |     4 |       ||     5
Armor: Animal skin       |     5 |       |       |       ||     5
       Ring mail         |    27 |    19 |    15 |       ||    61
       Chain mail        |       |       |    50 |     9 ||    59
       Plate armour      |       |       |       |   184 ||   184
Dodge: Dodged            |    62 |    37 |    82 |   143 ||   324
Block: Buckler           |       |     6 |    25 |    36 ||    67
